 Dungeon Crawl Stone Soup version 0.31-a0-702-gf82c85558f (webtiles) character file.

Game seed: 13747777257544327944

1054 qw the Skirmisher (level 8, -1/49 HPs)
             Began as a Gargoyle Hunter on Sept 7, 2023.
             Was an Initiate of Okawaru.
             Slain by a wight
             ... wielding a +1 short sword
              (2 damage)
             ... on level 6 of the Dungeon.
             The game lasted 00:02:04 (4730 turns).

qw the Skirmisher (Gargoyle Hunter)                 Turns: 4730, Time: 00:02:05

Health: -1/49      AC: 13    Str: 15    XL:     8   Next: 26%
Magic:  9/9        EV: 11    Int: 10    God:    Okawaru [......]
Gold:   196        SH:  0    Dex: 15    Spells: 7/7 levels left

rFire   . . .        Y - +2 shortbow (freeze)
rCold   . . .        (shield currently unavailable)
rNeg    + . .        g - +0 ring mail
rPois   inf          (no helmet)
rElec   +            a - +1 cloak
rCorr   .            (no gloves)
SInv    .            (no boots)
Will    .....        (no amulet)
Stlth   +            (no ring)
HPRegen 0.28/turn    (no ring)
MPRegen 0.11/turn

%: no passive effects
@: about to teleport
A: sickness immunity, AC +5, negative energy resistance 1, electricity
resistance, torment resistance 1, petrification resistance
a: Renounce Religion


You were on level 6 of the Dungeon.
You worshipped Okawaru.
Okawaru was noncommittal.
You visited 2 branches of the dungeon, and saw 7 of its levels.
You also visited: Sewer and Ossuary.

You collected 196 gold pieces.


Innate Abilities, Weirdness & Mutations

You are immune to sickness and miasma.
Your stone body is resilient. (AC +5)
You are immune to poison.
You resist negative energy. (rN+)
You are resistant to electric shocks. (rElec)
You are resistant to unholy torment.
You are immune to petrification.


   Skills:
 - Level 5.0 Fighting
 + Level 8.4 Ranged Weapons
 - Level 2.7 Armour
 - Level 2.3 Dodging
 - Level 1.1 Stealth
 - Level 1.6 Invocations


You had 7 spell levels left.
You didn't know any spells.
Your spell library was empty.

Inventory:

Hand Weapons
 Y - a +2 shortbow of freezing (weapon)
Armour
 a - a +1 cloak (worn)
 g - a +0 ring mail (worn)
 j - the +4 leather armour of Defence {rPois}
   (You found it on level 6 of the Dungeon)

   rPois:     It protects you from poison
Jewellery
 b - a ring of protection from cold
Scrolls
 e - a scroll of identify
 k - a scroll of teleportation
Potions
 c - 2 potions of mutation
 d - a potion of attraction {unknown}
 f - a potion of degeneration {unknown}
 h - 2 potions of might
 i - a potion of haste

Dungeon Overview and Level Annotations

Branches:
Dungeon (6/15)             Temple (1/1) D:5           Sewer (visited)
Ossuary (visited)

Altars:
Ashenzari
Elyvilon
Fedhas
Gozag
Kikubaaqudgha
Makhleb
Nemelex Xobeh
Okawaru
Qazlal
Ru
Trog
Uskayaw
Vehumet
Wu Jian
Xom
Yredelemnul
Zin

Shops:
D:1 [   D:4 (   D:6 *

Annotations:
D:4 1 transporter, qw's ghost, amateur GrHu


Message History

4712 ||| FLEEEEING.
4713 ||| FLEEEEING.
4714 ||| FLEEEEING.
4715 ||| FLEEEEING.
4716 ||| FLEEEEING.
4717 ||| FLEEEEING.
4718 ||| FLEEEEING.
You shoot an arrow.
The arrow hits the wight but does no damage.
You shoot an arrow. The arrow barely misses the wight.
The arrow hits the wight but does no damage.
You shoot an arrow.
The arrow hits the wight but does no damage.
You shoot an arrow.
The arrow hits the wight but does no damage.
You shoot an arrow. The arrow barely misses the wight.
The wight hits you with a +5 mace. The wight completely misses you.
You shoot an arrow.
The arrow hits the wight but does no damage.
The wight hits you with a +5 mace. The wight hits you but does no damage.
You shoot an arrow. The arrow hits the wight.
The wight is moderately damaged.
The wight hits you with a +5 mace. The wight barely misses you.
The wight hits you but does no damage.
You shoot an arrow. The arrow hits the wight!
The wight is almost destroyed.
The wight hits you but does no damage. x2
You shoot an arrow. The arrow barely misses the wight.
The wight hits you but does no damage. The wight hits you with a +5 mace!
You shoot an arrow. The arrow closely misses the wight.
The wight hits you with a +1 short sword.
The wight hits you with a +5 mace!
4729 ||| READING 2 scrolls of teleportation.
As you read the scroll of teleportation, it crumbles to dust.
You feel strangely unstable. The wight hits you but does no damage.
The wight hits you with a +5 mace!
You shoot an arrow. The arrow closely misses the wight.
The wight barely misses you. The wight hits you but does no damage.
The wight hits you with a +1 short sword.
You die...

#.#######.####### #...
................. #).#
######.############
##..###### #..............
#....##.. #..###########.
.##....##.# ###..#### #.
.##....##.# #.......# #.
#.##.......######z......#
#.
#.##............@z......#
#.
#.##.....###.####.......###
#. #.###..### #.#
#.......+.# #. .......# #.#
#.......#.# #. .......# #.#
#.###.###.# #. .......# #.#
.... #.###.######.
..>....#####.##....
#............
..###........##....
#####.#######
..###.#########... #.#


You could see 2 wights.

Vanquished Creatures
  An ice beast (D:5)
  A centaur (D:4)
  2 kobold brigands (Sewer)
  2 scorpions
  2 wights (D:6)
  A jelly (D:6)
  4 hounds
  2 iguanas
  A sleepcap (D:4)
  3 orc wizards
  Terence (D:2)
  A gnoll (D:5)
  6 adders
  A shadow imp (D:6)
  A white imp (D:5)
  2 worms (D:3)
  5 dart slugs
  6 orcs
  6 bats
  8 endoplasms
  3 giant cockroaches
  4 goblins
  6 hobgoblins
  17 kobolds
  2 quokkas
  10 ball pythons
  2 frilled lizards
  7 hobgoblin zombies (Ossuary)
  6 kobold zombies (Ossuary)
  7 orc zombies (Ossuary)
  5 rats
125 creatures vanquished.

Notes
Turn   | Place    | Note
-------+----------+-------------------------------------------
     0 | D:1      | qw the Gargoyle Hunter began the quest for the Orb.
     0 | D:1      | Reached XP level 1. HP: 12/12 MP: 1/1
     0 | D:1      | 0 ||| qw: Version: 0.3-a-76-g4403597
     0 | D:1      | 0 ||| qw: Game counter: 889
     0 | D:1      | 0 ||| qw: Melee chars always use a shield: true
     0 | D:1      | 0 ||| qw: God list: Okawaru
     0 | D:1      | 0 ||| qw: Allow faded altars: false
     0 | D:1      | 0 ||| qw: Do Orc after clearing Dungeon:15 true
     0 | D:1      | 0 ||| qw: Do second Lair branch before Depths: true
     0 | D:1      | 0 ||| qw: Lair rune preference: random
     0 | D:1      | 0 ||| qw: Goals: Normal
     0 | D:1      | 0 ||| PLANNING D:1-11
    67 | D:1      | Reached XP level 2. HP: 17/17 MP: 2/2
   152 | D:1      | Found Ruzoul's Armour Emporium.
   164 | D:1      | 164 ||| SHOPLISTING +1 ring mail of Articulation {Str+3}
                  | (312 gold, have 11).
   164 | D:1      | 164 ||| SHOPLISTING +2 robe of Purpose {*Corrode rF+ Regen+
                  | Int+3} (355 gold, have 11).
   259 | D:1      | Reached XP level 3. HP: 21/21 MP: 3/3
   427 | D:1      | Reached skill level 5 in Ranged Weapons
   495 | D:1      | 495 ||| UPGRADING to +0 ring mail.
   505 | D:1      | 505 ||| DROPPING +0 leather armour.
   506 | D:1      | 506 ||| READING scroll labelled QEZAROQ UZAPNO.
   507 | D:1      | 507 ||| READING scroll labelled QENEJE QAELAM.
   522 | D:1      | 522 ||| DROPPING scroll of butterflies.
   633 | D:2      | Noticed Terence
   646 | D:2      | HP: 5/21 [Terence/+0 hand axe (2)]
   651 | D:2      | Killed Terence
   652 | D:2      | Reached skill level 1 in Armour
   699 | D:2      | 699 ||| FLEEEEING.
   748 | D:2      | Reached XP level 4. HP: 27/27 MP: 4/4
   808 | D:2      | Found a sacrificial altar of Ru.
   859 | D:2      | Reached skill level 3 in Fighting
  1241 | D:2      | 1241 ||| READING scroll labelled NACUIJ TORUIDD.
  1242 | D:2      | 1242 ||| READING scroll labelled QOSIOTZ QIHAI.
  1243 | D:2      | 1243 ||| READING scroll labelled QUABBUOSUXT.
  1244 | D:2      | 1244 ||| DRINKING 2 grey potions.
  1272 | D:3      | 1272 ||| PLANNING SEWER
  1555 | D:3      | Found a glowing drain.
  1557 | D:3      | 1557 ||| READING scroll labelled IMPEKOSO LUKAI.
  1567 | D:3      | Reached XP level 5. HP: 32/32 MP: 5/5
  1569 | D:3      | 1569 ||| Stepping ~*~*~tactically~*~*~ (water).
  1591 | Sewer    | Entered a sewer
  1664 | Sewer    | Noticed a kobold brigand
  1678 | Sewer    | HP: 8/32 [kobold brigand/+0 whip (6)]
  1679 | Sewer    | Killed a kobold brigand
  1680 | Sewer    | Reached skill level 6 in Ranged Weapons
  1807 | Sewer    | 1807 ||| READING scroll labelled JUTIOCSEHO.
  1808 | Sewer    | 1808 ||| DRINKING 2 fuming emerald potions.
  1827 | Sewer    | Noticed a kobold brigand
  1830 | Sewer    | 1830 ||| Stepping ~*~*~tactically~*~*~ (water).
  1840 | Sewer    | Killed a kobold brigand
  1841 | Sewer    | Reached XP level 6. HP: 33/38 MP: 6/6
  1940 | Sewer    | 1940 ||| READING scroll labelled YDE ODWOBBAUR.
  1941 | Sewer    | 1941 ||| READING scroll labelled EJETHA UXZAOCI.
  1942 | Sewer    | 1942 ||| READING 2 scrolls labelled QOVUIKL DEQOSYN.
  1950 | D:3      | 1950 ||| PLANNING D:1-11
  2274 | D:3      | Found a faded altar of an unknown god.
  2426 | D:3      | 2426 ||| READING scroll labelled TYOKODW NEHUAD.
  2427 | D:3      | 2427 ||| READING scroll labelled MEVYNTOSKU.
  2619 | D:4      | Found Voan's Antique Weapon Boutique.
  2627 | D:4      | 2627 ||| SHOPLISTING runed shortbow (132 gold, have 100).
  2671 | D:4      | Noticed qw's ghost (amateur GrHu)
  2673 | D:4      | Found a transporter.
  2779 | D:4      | Reached skill level 7 in Ranged Weapons
  2779 | D:4      | Reached XP level 7. HP: 28/43 MP: 7/7
  3059 | D:4      | 3059 ||| READING scroll labelled REUWUS JUVU.
  3060 | D:4      | 3060 ||| READING 2 scrolls of identify.
  3060 | D:4      | 3060 ||| IDENTIFYING smoky green potion
  3061 | D:4      | 3061 ||| DROPPING potion of invisibility.
  3099 | D:5      | Entered Level 5 of the Dungeon
  3100 | D:5      | 3100 ||| PLANNING OSSUARY
  3106 | D:5      | Found a sand-covered staircase.
  3111 | Ossuary  | Entered an ossuary
  3269 | D:5      | 3269 ||| PLANNING D:1-11
  3460 | D:5      | Found a staircase to the Ecumenical Temple.
  3461 | D:5      | 3461 ||| PLANNING TEMPLE
  3461 | D:5      | 3461 ||| UPGRADING to +0 cloak.
  3474 | Temple   | Entered the Ecumenical Temple
  3475 | Temple   | 3475 ||| PLANNING OKAWARU WORSHIP
  3506 | Temple   | Became a worshipper of Warmaster Okawaru
  3507 | Temple   | 3507 ||| PLANNING D:1-11
  3612 | D:5      | Reached skill level 8 in Ranged Weapons
  3648 | D:5      | 3648 ||| Stepping ~*~*~tactically~*~*~ (outnumbered).
  3650 | D:5      | 3650 ||| Stepping ~*~*~tactically~*~*~ (outnumbered).
  3652 | D:5      | 3652 ||| Stepping ~*~*~tactically~*~*~ (outnumbered).
  3854 | D:5      | Found a stormy altar of Qazlal.
  3854 | D:5      | Found a burning altar of Makhleb.
  4158 | D:5      | 4158 ||| READING scroll labelled JUEMNA GET FIU.
  4159 | D:5      | 4159 ||| READING 2 scrolls of identify.
  4159 | D:5      | 4159 ||| IDENTIFYING orange potion
  4320 | D:6      | 4320 ||| READING scroll of enchant weapon.
  4320 | D:6      | 4320 ||| ENCHANTING +1 shortbow of freezing.
  4355 | D:6      | Reached * piety under Okawaru
  4356 | D:6      | Reached XP level 8. HP: 37/49 MP: 8/8
  4356 | D:6      | 4356 ||| FLEEEEING.
  4357 | D:6      | 4357 ||| FLEEEEING.
  4361 | D:6      | 4361 ||| FLEEEEING.
  4362 | D:6      | 4362 ||| FLEEEEING.
  4363 | D:6      | 4363 ||| FLEEEEING.
  4364 | D:6      | 4364 ||| FLEEEEING.
  4365 | D:6      | 4365 ||| FLEEEEING.
  4366 | D:6      | 4366 ||| FLEEEEING.
  4367 | D:6      | 4367 ||| FLEEEEING.
  4368 | D:6      | 4368 ||| FLEEEEING.
  4369 | D:6      | 4369 ||| FLEEEEING.
  4370 | D:6      | 4370 ||| FLEEEEING.
  4371 | D:6      | 4371 ||| FLEEEEING.
  4374 | D:6      | 4374 ||| FLEEEEING.
  4375 | D:6      | 4375 ||| FLEEEEING.
  4376 | D:6      | 4376 ||| FLEEEEING.
  4377 | D:6      | 4377 ||| FLEEEEING.
  4378 | D:6      | 4378 ||| FLEEEEING.
  4393 | D:6      | Reached skill level 1 in Invocations
  4500 | D:6      | 4500 ||| INVOKING Heroism.
  4551 | D:6      | 4551 ||| INVOKING Heroism.
  4614 | D:6      | 4614 ||| READING scroll of enchant armour.
  4614 | D:6      | 4614 ||| ENCHANTING +0 cloak.
  4645 | D:6      | Identified the +4 leather armour of Defence {rPois}
  4699 | D:6      | Found Olicociz's General Store.
  4708 | D:6      | 4708 ||| FLEEEEING.
  4709 | D:6      | 4709 ||| FLEEEEING.
  4710 | D:6      | 4710 ||| FLEEEEING.
  4711 | D:6      | 4711 ||| FLEEEEING.
  4712 | D:6      | 4712 ||| FLEEEEING.
  4713 | D:6      | 4713 ||| FLEEEEING.
  4714 | D:6      | 4714 ||| FLEEEEING.
  4715 | D:6      | 4715 ||| FLEEEEING.
  4716 | D:6      | 4716 ||| FLEEEEING.
  4717 | D:6      | 4717 ||| FLEEEEING.
  4718 | D:6      | 4718 ||| FLEEEEING.
  4728 | D:6      | HP: 9/49 [wight/+5 mace (11)]
  4729 | D:6      | 4729 ||| READING 2 scrolls of teleportation.
  4729 | D:6      | HP: 1/49 [wight/+5 mace (8)]
  4730 | D:6      | Slain by a wight

Levels and vault maps discovered:
D:1:      dpeg_arrival_court, layout_rooms, serial_shops, shop
D:2:      layout_loops_cross, basic_altar, feat_on_display, uniq_terence
D:3:      layout_basic, ebering_ecumenical_altar_hall,
          cheibrodos_sewer_entry_bend, uniq_grinder
D:4:      layout_loops_cross, serial_shops, shop, gammafunk_ghost_mausoleum
D:5:      layout_loops_cross, mainiacjoe_overflow_divided_tiny,
          minmay_temple_entry_junction, enter_ossuary_2, minmay_manual_mess
D:6:      layout_basic, serial_shops, shop
Temple:   bh_familiar_temple

Skill      XL: |  1  2  3  4  5  6  7  8 |
---------------+-------------------------+-----
Ranged Weapons | 5 6 7 8 |  8.4
Armour         | 1 2 |  2.7
Fighting       | 3 4 5 |  5.0
Dodging        | 2 |  2.3
Invocations    | 1 |  1.6
Stealth        | |  1.1

Action                     |  1- 3 |  4- 6 |  7- 9 || total
---------------------------+-------+-------+-------++-------
   Fire: Shortbow          |    83 |   168 |   198 ||   449
 Invoke: Heroism           |       |       |     2 ||     2
    Use: Scroll            |     2 |    10 |     7 ||    19
         Potion            |       |     2 |       ||     2
 Armour: Leather armour    |     3 |       |       ||     3
         Ring mail         |    11 |    40 |    85 ||   136
  Dodge: Dodged            |    13 |    29 |    46 ||    88

Table legend:
 A = Non-vault XP
 B = Vault XP
 C = Vault XP percentage of total XP
 D = Non-vault monster count
 E = Vault monster count
 F = Vault count percentage of total count
                 A         B        C        D         E       F
            +---------+---------+-------+---------+---------+-------
      Total |    1149 |     358 |  23.8 |      77 |      48 |  38.4
            +---------+---------+-------+---------+---------+-------
        D:1 |      40 |       0 |   0.0 |      20 |       0 |   0.0
        D:2 |      67 |      32 |  32.3 |      16 |       1 |   5.9
        D:3 |      50 |      10 |  16.7 |      14 |       2 |  12.5
        D:4 |     249 |       0 |   0.0 |      11 |       0 |   0.0
        D:5 |     298 |      74 |  19.9 |       4 |       4 |  50.0
        D:6 |     445 |       0 |   0.0 |      12 |       0 |   0.0
      Sewer |       0 |     222 | 100.0 |       0 |      21 | 100.0
    Ossuary |       0 |      20 | 100.0 |       0 |      20 | 100.0
            +---------+---------+-------+---------+---------+-------
